Workbook

Sheet PRESUPUESTO
A2: ADECUACIONES GENERALES BATERIAS SANITARIAS CASA DE PASO CENTRO AGROPECUARIO REGIONAL CAUCA
A3: CODIGO UNSPSC | B3: ITEM | C3: DESCRIPCION | D3: UND | E3: CANTIDAD | F3: VR. UNITARIO | G3: VALOR TOTAL | H3: SUBTOTAL CAPITULO
B4: 1 | C4: PRELIMINARES | H4: =SUM(G5:G19) -> 7026847
A5: 72141510 | B5: 1.1 | C5: Demolición de muro bahareque encementado paneles de aproximadamente 2,5 m * 2,14 m con estructura en guadua y de muro en ladrillo sócalo de 2,5 m * 0,6 m. Incluye cargue, trasporte de escombros en volqueta a sitio autorizado y descargue en sitio autorizado como disposición final, actividad que garantizará que lo residuos queden por fuera de las instalaciones del SENA, todo el material retirado será gestionado de acuerdo con las regulaciones ambientales locales, asegurando la disposición adecuada o reciclaje de los residuos. Se recomienda coordinar con personal y equipo especializado para garantizar la seguridad y eficiencia del trabajo. | D5: M2 | E5: 10.6 | F5: =+'1-APU ADEC BATERIA SANITARIA'!G4 -> 20872 | G5: =ROUND(E5*F5,0) -> 221243
A6: 72141510 | B6: 1.2 | C6: Demolición de mesón en concreto fundido de 0,6m *0,1 m, estructura de soporte y lavamanos, (Incluye Retiro de escombros en volqueta, incluye cargue y transporte para botar fuera de las instalaciones del Sena ) todo el material retirado será gestionado de acuerdo con las regulaciones ambientales locales, asegurando la disposición adecuada o reciclaje de los residuos. Se recomienda coordinar con personal y equipo especializado para garantizar la seguridad y eficiencia del trabajo. | D6: ML | E6: 4.04 | F6: =+'1-APU ADEC BATERIA SANITARIA'!G35 -> 25208 | G6: =ROUND(E6*F6,0) -> 101840
A7: 72141510 | B7: 1.3 | C7: Desmonte puntos hidráulicos y sanitarios con la tubería (Incluye Retiro de escombros en volqueta, cargue y transporte para botar fuera de las instalaciones del Sena) todo el material retirado será gestionado de acuerdo con las regulaciones ambientales locales, asegurando la disposición adecuada o reciclaje de los residuos. Se recomienda coordinar con personal y equipo especializado para garantizar la seguridad y eficiencia del trabajo. | D7: UND | E7: 20 | F7: =+'1-APU ADEC BATERIA SANITARIA'!G66 -> 11187 | G7: =ROUND(E7*F7,0) -> 223740
A8: 72141510 | B8: 1.4 | C8: Desmonte y retiro de puertas en aluminio y divisiones con sus respectivos marcos, remoción cuidadosa para ser reutilizadas en otras áreas del centro de formación, todo el material retirado será gestionado de acuerdo con las regulaciones ambientales locales, asegurando la disposición adecuada o reciclaje de los residuos. Se recomienda coordinar con personal y equipo especializado para garantizar la seguridad y eficiencia del trabajo. | D8: UND | E8: 16 | F8: =+'1-APU ADEC BATERIA SANITARIA'!G96 -> 12880 | G8: =ROUND(E8*F8,0) -> 206080
A9: 72141510 | B9: 1.5 | C9: Desmonte de ventanas en madera , incluye marco, remoción cuidadosa para ser reutilizadas en otras áreas del centro de formación, todo el material retirado será gestionado de acuerdo con las regulaciones ambientales locales, asegurando la disposición adecuada o reciclaje de los residuos. Se recomienda coordinar con personal y equipo especializado para garantizar la seguridad y eficiencia del trabajo. | D9: UND | E9: 2 | F9: =+'1-APU ADEC BATERIA SANITARIA'!G125 -> 13708 | G9: =ROUND(E9*F9,0) -> 27416
A10: 72141510 | B10: 1.6 | C10: Demolición de muro en muro tendinoso altura 1,54 y sócalo en ladrillo altura 0,6 . (Incluye Retiro de escombros en volqueta, incluye cargue y transporte para botar fuera de las instalaciones del Sena), todo el material retirado será gestionado de acuerdo con las regulaciones ambientales locales, asegurando la disposición adecuada o reciclaje de los residuos. Se recomienda coordinar con personal y equipo especializado para garantizar la seguridad y eficiencia del trabajo. | D10: M2 | E10: 39.38 | F10: =+'1-APU ADEC BATERIA SANITARIA'!G154 -> 25262 | G10: =ROUND(E10*F10,0) -> 994818
A11: 72141510 | B11: 1.7 | C11: Desmonte de sanitario (Incluye Retiro de escombros en volqueta, cargue y transporte para botar fuera de las instalaciones del Sena) todo el material retirado será gestionado de acuerdo con las regulaciones ambientales locales, asegurando la disposición adecuada o reciclaje de los residuos. Se recomienda coordinar con personal y equipo especializado para garantizar la seguridad y eficiencia del trabajo. | D11: UND | E11: 4 | F11: =+'1-APU ADEC BATERIA SANITARIA'!G184 -> 25587 | G11: =ROUND(E11*F11,0) -> 102348
A12: 72141510 | B12: 1.8 | C12: Demolición baldosín cerámico, mortero de nivelación y primario. Incluye Retiro de escombros en volqueta, cargue y transporte para botar fuera de las instalaciones del Sena; todo el material retirado será gestionado de acuerdo con las regulaciones ambientales locales, asegurando la disposición adecuada o reciclaje de los residuos. Se recomienda coordinar con personal y equipo especializado para garantizar la seguridad y eficiencia del trabajo. | D12: M2 | E12: 51.06 | F12: =+'1-APU ADEC BATERIA SANITARIA'!G213 -> 32271 | G12: =ROUND(E12*F12,0) -> 1647757
A13: 72141510 | B13: 1.9 | C13: Demolición de enchape de pared con repello (Incluye Retiro de escombros en volqueta, cargue y transporte para botar fuera de las instalaciones del Sena), todo el material retirado será gestionado de acuerdo con las regulaciones ambientales locales, asegurando la disposición adecuada o reciclaje de los residuos. Se recomienda coordinar con personal y equipo especializado para garantizar la seguridad y eficiencia del trabajo. | D13: M2 | E13: 60.78 | F13: =+'1-APU ADEC BATERIA SANITARIA'!G242 -> 22203 | G13: =ROUND(E13*F13,0) -> 1349498
A14: 72141510 | B14: 1,9,1 | C14: Demolición de revoque. Incluye Retiro de escombros en volqueta, incluye cargue y transporte para botar fuera de las instalaciones del Sena. Disposición final por fuera de las instalaciones del Sena | D14: M2 | E14: 40.6 | F14: =+'1-APU ADEC BATERIA SANITARIA'!G271 -> 17948 | G14: =ROUND(E14*F14,0) -> 728689
A15: 72141510 | B15: 1,9,2 | C15: Desmonte de mezanine en madera, remoción cuidadosa para reutilizar el material otras áreas del centro de formación, todo el material retirado será gestionado de acuerdo con las regulaciones ambientales locales, asegurando la disposición adecuada o reciclaje de los residuos. Se recomienda coordinar con personal y equipo especializado para garantizar la seguridad y eficiencia del trabajo. | D15: M2 | E15: 12.47 | F15: =+'1-APU ADEC BATERIA SANITARIA'!G301 -> 30704 | G15: =ROUND(E15*F15,0) -> 382879
A16: 72141510 | B16: 1,9,3 | C16: Desmonte de instalaciones eléctricas (Incluye Retiro de escombros en volqueta, cargue y transporte para botar fuera de las instalaciones del Sena) todo el material retirado será gestionado de acuerdo con las regulaciones ambientales locales, asegurando la disposición adecuada o reciclaje de los residuos. Se recomienda coordinar con personal y equipo especializado para garantizar la seguridad y eficiencia del trabajo. | D16: GLB | E16: 1 | F16: =+'1-APU ADEC BATERIA SANITARIA'!G330 -> 365501 | G16: =ROUND(E16*F16,0) -> 365501
A17: 72141511 | B17: 1,9,4 | C17: Excavación manual en material común, incluye manipulación y acopio en sitio autorizado . todo el material retirado será gestionado de acuerdo con las regulaciones ambientales locales, asegurando la disposición adecuada o reciclaje de los residuos. Se recomienda coordinar con personal y equipo especializado para garantizar la seguridad y eficiencia del trabajo. | D17: M3 | E17: 7 | F17: =+'1-APU ADEC BATERIA SANITARIA'!G360 -> 24215 | G17: =ROUND(E17*F17,0) -> 169505
A18: 72152509 | B18: 1,9,5 | C18: Relleno y compactación manual con material seleccionado proveniente de la excavación. El proceso incluye el trasiego del material y su instalación en capas no superiores a 0,10 m de espesor, garantizando que cada capa sea compactada manualmente para asegurar una correcta estabilidad del terreno. La compactación debe alcanzar, como mínimo, el 90% de la densidad máxima según el ensayo de próctor modificado. Se deberá utilizar material adecuado y seleccionado de la misma excavación, cumpliendo con las especificaciones técnicas exigidas para su uso. Todo el proceso debe ejecutarse bajo las normas técnicas vigentes y asegurando que el relleno final garantice las condiciones de soporte necesarias para las actividades subsiguientes. | D18: M3 | E18: 4 | F18: =+'1-APU ADEC BATERIA SANITARIA'!G389 -> 24291 | G18: =ROUND(E18*F18,0) -> 97164
A19: 72152509 | B19: 1,9,6 | C19: Relleno con material de limo amarillo o de relleno estructural. Incluye suministro e instalación de material, riego con capas no superiores a los 0,15 m, compactación mecánica con saltarín y control de nivelación de la superficie. La compactación debe alcanzar, como mínimo, el 90% de la densidad máxima según el ensayo de próctor modificado. Todo el proceso debe ejecutarse bajo las normas técnicas vigentes y asegurando que el relleno final garantice las condiciones de soporte necesarias para las actividades subsiguientes. | D19: M3 | E19: 6.5 | F19: =+'1-APU ADEC BATERIA SANITARIA'!G417 -> 62826 | G19: =ROUND(E19*F19,0) -> 408369
B20: 2 | C20: ADECUACIONES ESTRUCTURA EN CONCRETO Y MORTERO | H20: =SUM(G21:G27) -> 8953918
A21: 72151401 | B21: 2.1 | C21: Reposición de revoque en muros utilizando mortero 1:3; espesor de 0,03 m. Incluye adecuación utilizando malla con vena para corregir fisuras. Se deberá aplomar, escuadrar y nivelar donde sea necesario. Además, se debe garantizar un buen remate en los filos y bordes. Para asegurar la uniformidad de la superficie y bordes, se trabajará con plantilla adecuada. (suministro e instalación de todos los materiales). | D21: M2 | E21: 30 | F21: =+'1-APU ADEC BATERIA SANITARIA'!G449 -> 31981 | G21: =ROUND(E21*F21,0) -> 959430
A22: 72152703 | B22: 2.2 | C22: Reposición de pedestal en concreto reforzado de 3000 psi (210 kg/cm2) dimensiones de 0.20 m x 0.20 m, altura de 0,6 m. Se debe incorporar refuerzo con 4 varillas longitudinales de diámetro 1/2", las cuales deben estar ancladas a la viga de cimentación utilizando adhesivo epóxico para anclajes y para pega de concreto viejo con el nuevo, utilizar estribos para cortante de 3/8" cada 10 cm. (suministro e instalación de todos los materiales). | D22: UND | E22: 1 | F22: =+'1-APU ADEC BATERIA SANITARIA'!G479 -> 63279 | G22: =ROUND(E22*F22,0) -> 63279
A23: 72152703 | B23: 2.3 | C23: Reposición de mesón en concreto reforzado de 2.500 psi, con espesor de 0,1 m, ancho de 0,60 m y altura de 0,8 m. Se debe construir un entrepaño a 0,4 m de altura libre, con apoyos laterales fundidos en concreto. Todos los elementos de concreto deberán estar reforzados con acero de 1/2" a cada 0,1 m en ambas direcciones. Se deberá garantizar la nivelación y espesores uniformes de la placa superior y del entrepaño, así como los plomos en los apoyos laterales. La actividad incluye formaleta, desencofrante, y todos los materiales necesarios y herramientas para su correcta ejecución. (suministro e instalación de todos los materiales). (suministro e instalación de todos los materiales). | D23: ML | E23: 15.42 | F23: =+'1-APU ADEC BATERIA SANITARIA'!G510 -> 135677 | G23: =ROUND(E23*F23,0) -> 2092139
A24: 72152703 | B24: 2.4 | C24: Reposición de contrapiso en concreto de 3.000 psi, con espesor de 0,1 m. Incluye la conformación de la superficie previa a su fundición, garantizando el espesor mínimo especificado. Se deberá prever e instalar todas las tuberías o instalaciones necesarias (hidráulicas, sanitarias o eléctricas) antes de proceder con la fundición. Incluye malla electrosoldada grafil 4 mm @ 0,15 m en ambas direcciones; se debe garantizar ubicación al tercio de la altura desde la superficie superior. (suministro e instalación de todos los materiales). | D24: M2 | E24: 52 | F24: =+'1-APU ADEC BATERIA SANITARIA'!G537 -> 68702 | G24: =ROUND(E24*F24,0) -> 3572504
A25: 72152509 | B25: 2.5 | C25: Suministro e instalación de mortero de nivelación en proporción 1:3 con espesor mínimo de 0.04m. | D25: M2 | E25: 52 | F25: =+'1-APU ADEC BATERIA SANITARIA'!G569 -> 27818 | G25: =ROUND(E25*F25,0) -> 1446536
A26: 72152703 | B26: 2.6 | C26: Reposición de caja de inspección de 0.40 m x 0.40 m con altura variable entre 0.40 m y 0.70 m, construida en concreto de 3000 psi, con medidas interiores libres. Los muros tendrán un espesor de 0.10 m e incluirán refuerzo de acero de 3/8” con separación cada 0.10 m. La caja contará con cañuelas y una tapa de concreto con espesor de 0.10 m. Se incluye formaleta y todos los materiales y elementos necesarios para la correcta construcción y funcionamiento de la caja de inspección. (suministro e instalación de todos los materiales). | D26: UND | E26: 5 | F26: =+'1-APU ADEC BATERIA SANITARIA'!G592 -> 133766 | G26: =ROUND(E26*F26,0) -> 668830
A27: 72152703 | B27: 2.7 | C27: Reposición de caja de inspección de 0.50 m x 0.50 m con altura variable entre 0.50 m y 0.80 m, construida en concreto de 3000 psi, con medidas interiores libres. Los muros tendrán un espesor de 0.10 m e incluirán refuerzo de acero de 3/8” con separación cada 0.10 m. La caja contará con cañuelas y una tapa de concreto con espesor de 0.10 m. Se incluye formaleta y todos los materiales y elementos necesarios para la correcta construcción y funcionamiento de la caja de inspección. (suministro e instalación de todos los materiales). | D27: UND | E27: 1 | F27: =+'1-APU ADEC BATERIA SANITARIA'!G620 -> 151200 | G27: =ROUND(E27*F27,0) -> 151200
B28: 3 | C28: ADECUACIONES HIDRAULICAS Y SANITARIAS | H28: =SUM(G29:G43) -> 15158768
A29: 72151906 | B29: 3.1 | C29: Reubicación de punto hidráulico con tubería de PVC presión 1/2" RDE 21 para el servicio de dos lavamanos. La actividad incluye la instalación de accesorios y tubería adicional de 1/2" para asegurar su correcto funcionamiento. Además, se suministrará y utilizará limpiador, soldadura de PVC y todos los accesorios necesarios para la correcta instalación y puesta en funcionamiento del sistema. (suministro e instalación de todos los materiales). | D29: UND | E29: 10 | F29: =+'1-APU ADEC BATERIA SANITARIA'!G648 -> 32517 | G29: =ROUND(E29*F29,0) -> 325170
A30: 72151906 | B30: 3.2 | C30: Reubicación de punto hidráulico con tubería de PVC presión 1" RDE 21 para el servicio de dos lavamanos. La actividad incluye la instalación de accesorios y tubería adicional de 1" para asegurar su correcto funcionamiento. Además, se suministrará y utilizará limpiador, soldadura de PVC y todos los accesorios necesarios para la correcta instalación y puesta en funcionamiento del sistema. (suministro e instalación de todos los materiales). | D30: UND | E30: 4 | F30: =+'1-APU ADEC BATERIA SANITARIA'!G679 -> 32984 | G30: =ROUND(E30*F30,0) -> 131936
A31: 72151906 | B31: 3.3 | C31: Reposición de tubería PVC presión de 1/2", que incluye todos los accesorios, limpiador y soldadura necesarios para su instalación. La actividad contempla la realización de regatas y los resanes y/o reparaciones pertinentes, garantizando que el acabado final en la zona afectada sea del mismo tipo, con materiales de calidad igual o superior a los existentes, y en colores y modelos similares. (suministro e instalación de todos los materiales). | D31: ML | E31: 27 | F31: =+'1-APU ADEC BATERIA SANITARIA'!G709 -> 4293 | G31: =ROUND(E31*F31,0) -> 115911
A32: 72151906 | B32: 3.4 | C32: Reposición de tubería PVC presión de 1" incluye accesorios, limpiador y soldadura, regatas, resanes y/o reparaciones garantizando el mismo tipo de acabado de la zona afectada, con materiales de la misma calidad o superiores a los existentes y en colores y modelos similares. (suministro e instalación de todos los materiales). | D32: ML | E32: 29.8 | F32: =+'1-APU ADEC BATERIA SANITARIA'!G735 -> 7944 | G32: =ROUND(E32*F32,0) -> 236731
A33: 72151906 | B33: 3.5 | C33: Reposición de tubería PVC presión de 1 1/4" incluye accesorios, limpiador y soldadura, regatas, resanes y/o reparaciones garantizando el mismo tipo de acabado de la zona afectada, con materiales de la misma calidad o superiores a los existentes y en colores y modelos similares. (suministro e instalación de todos los materiales). | D33: ML | E33: 12 | F33: =+'1-APU ADEC BATERIA SANITARIA'!G762 -> 13089 | G33: =ROUND(E33*F33,0) -> 157068
A34: 72151906 | B34: 3.6 | C34: Reposición de Llave de paso 1". Incluye accesorios, limpiador y soldadura, regatas, resanes y/o reparaciones garantizando el mismo tipo de acabado de la zona afectada, con materiales de la misma calidad o superiores a los existentes y en colores y modelos similares. (suministro e instalación de todos los materiales). | D34: UND | E34: 3 | F34: =+'1-APU ADEC BATERIA SANITARIA'!G789 -> 224196 | G34: =ROUND(E34*F34,0) -> 672588
A35: 72151906 | B35: 3.7 | C35: Reubicación de punto Sanitario de 2". La actividad incluye la instalación de accesorios y tubería adicional de 2" (hasta 1 m), para asegurar su correcto funcionamiento. Además, se suministrará y utilizará limpiador, soldadura de PVC y todos los accesorios necesarios para la correcta instalación y puesta en funcionamiento del sistema sanitario. (suministro e instalación de todos los materiales). | D35: UND | E35: 6 | F35: =+'1-APU ADEC BATERIA SANITARIA'!G817 -> 39517 | G35: =ROUND(E35*F35,0) -> 237102
A36: 72151906 | B36: 3.8 | C36: Reposición de tubería sanitaria de 2". Incluye accesorios, limpiador y soldadura, regatas, resanes y/o reparaciones garantizando el mismo tipo de acabado de la zona afectada, con materiales de la misma calidad o superiores a los existentes y en colores y modelos similares. (suministro e instalación de todos los materiales). | D36: ML | E36: 21.9 | F36: =+'1-APU ADEC BATERIA SANITARIA'!G846 -> 19027 | G36: =ROUND(E36*F36,0) -> 416691
A37: 72151906 | B37: 3.9 | C37: Reposición de tubería sanitaria de 3". Incluye accesorios, limpiador y soldadura, regatas, resanes y/o reparaciones garantizando el mismo tipo de acabado de la zona afectada, con materiales de la misma calidad o superiores a los existentes y en colores y modelos similares. (suministro e instalación de todos los materiales). | D37: ML | E37: 2 | F37: =+'1-APU ADEC BATERIA SANITARIA'!G876 -> 20799 | G37: =ROUND(E37*F37,0) -> 41598
A38: 72151906 | B38: 3,9,1 | C38: Reposición de tubería sanitaria de 4". Incluye accesorios, limpiador y soldadura, regatas, resanes y/o reparaciones garantizando el mismo tipo de acabado de la zona afectada, con materiales de la misma calidad o superiores a los existentes y en colores y modelos similares. (suministro e instalación de todos los materiales). | D38: ML | E38: 28.3 | F38: =+'1-APU ADEC BATERIA SANITARIA'!G905 -> 27378 | G38: =ROUND(E38*F38,0) -> 774797
A39: 72151906 | B39: 3,9,2 | C39: Reubicación de punto sanitario de 2”, que incluye la instalación de tubería adicional de 2" (hasta 1 m), suministro e instalación de rejilla con soporto de reducción de 3” a 2”, sifón de 2”, limpiador, soldadura de PVC, y todos los accesorios y elementos necesarios para asegurar la correcta instalación y puesta en funcionamiento del sistema sanitario. (suministro e instalación de todos los materiales). | D39: UND | E39: 4 | F39: =+'1-APU ADEC BATERIA SANITARIA'!G934 -> 47597 | G39: =ROUND(E39*F39,0) -> 190388
A40: 72151906 | B40: 3,9,3 | C40: Reubicación de punto sanitario de 3”, que incluye la instalación de tubería adicional de 3" (hasta 1 m), suministro e instalación de rejilla con soporto de reducción de 4” a 3”, sifón de 3”, limpiador, soldadura de PVC, y todos los accesorios y elementos necesarios para asegurar la correcta instalación y puesta en funcionamiento del sistema sanitario. (suministro e instalación de todos los materiales). | D40: UND | E40: 2 | F40: =+'1-APU ADEC BATERIA SANITARIA'!G963 -> 67497 | G40: =ROUND(E40*F40,0) -> 134994
A41: 72151906 | B41: 3,9,4 | C41: Reposición de ducha regadera en acero inoxidable efecto espejo, acabado brillante. Incluye tubo metálico con acabado en Cromo de brazo 30cm, con racor de enrosque en bronce. Diseño con bordes ultradelgados con chorro tipo lluvia. (suministro e instalación de todos los materiales). | D41: UND | E41: 4 | F41: =+'1-APU ADEC BATERIA SANITARIA'!G992 -> 277314 | G41: =ROUND(E41*F41,0) -> 1109256
A42: 72101510 | B42: 3,9,5 | C42: Instalación de Lavamanos incrustable tipo institucional. Incluye grifería tipo push institucional de mesa, kit de instalación y desagüe, válvula reguladora; se deberá suministrar e instalar todo tipo de accesorios que garanticen su puesta en funcionamiento. La entidad suministra el lavamanos. | D42: UND | E42: 6 | F42: =+'1-APU ADEC BATERIA SANITARIA'!G1021 -> 439579 | G42: =ROUND(E42*F42,0) -> 2637474
A43: 72101510 | B43: 3,9,6 | C43: Reposición de sanitario blanco. Incluye el suministro e instalación de Kit Taza Báltica Plus con entrada superior, acompañado de fluxómetro Flushout de 3.5 L, grifería y todos los accesorios complementarios necesarios para garantizar una instalación adecuada y el correcto funcionamiento del sanitario. (suministro e instalación de todos los materiales). | D43: UND | E43: 4 | F43: =+'1-APU ADEC BATERIA SANITARIA'!G1049 -> 1994266 | G43: =ROUND(E43*F43,0) -> 7977064
B44: 4 | C44: ADECUACIONES ELECTRICAS | H44: =SUM(G45:G46) -> 652204
A45: 72151502 | B45: 4.1 | C45: Reubicación de salida para tomacorriente doble 120V, protección de falla a tierra 15 AMP. Incluye suministro e instalación de toma (GFCI) en color blanco, se debe suministrar en caso de ser necesario tubería y cableado eléctrico hasta 10 m, se deben suministrar todo tipo de accesorios, realizar las regatas, resanes y/o reparaciones garantizando el mismo tipo de acabado de la zona afectada, con materiales de la misma calidad o superiores a los existentes y en colores y modelos similares. (suministro e instalación de todos los materiales). | D45: UND | E45: 2 | F45: =+'1-APU ADEC BATERIA SANITARIA'!G1078 -> 197164 | G45: =ROUND(E45*F45,0) -> 394328
A46: 72151502 | B46: 4.2 | C46: Adecuación de línea de conducción eléctrica, que incluye el suministro e instalación de conductor eléctrico calibre 10 AWG libre de halógenos y ducto para la salida de punto de iluminación o toma corriente. Se deben suministrar todos los accesorios necesarios, realizar las regatas, resanes y/o reparaciones, garantizando que el acabado final sea del mismo tipo que el de la zona afectada, utilizando materiales de calidad igual o superior a los existentes, y en colores y modelos similares. Todos los materiales suministrados deben contar con certificación RETIE, y la ejecución de los trabajos deberá cumplir con las normativas RETIE y NTC 2050. (suministro e instalación de todos los materiales). | D46: ML | E46: 7.8 | F46: =+'1-APU ADEC BATERIA SANITARIA'!G1112 -> 33061 | G46: =ROUND(E46*F46,0) -> 257876
B47: 5 | C47: ADECUACIONES MUROS -ESTUCO Y PINTURA | H47: =SUM(G48:G51) -> 4734329
A48: 72152001 | B48: 5.1 | C48: Instalación de muro interno de 12 cm de espesor en sistema board con doble cara de láminas de fibrocemento. La actividad incluye el suministro e instalación de perfilería metálica galvanizada, cinta malla, sellador elástico antihongos para juntas, y la reparación de fisuras entre placas. Se contempla la construcción de una estructura metálica con un espacio máximo de 0.3 m entre montantes, y doble soporte en los puntos donde se instale grifería. La instalación abarca todos los accesorios necesarios, así como los acondicionamientos correspondientes en muros y pisos para garantizar una correcta instalación y fijación. Adicionalmente, se realizarán los resanes y/o reparaciones en las áreas de influencia intervenidas, asegurando que el acabado final sea del mismo tipo que el de la zona afectada, utilizando materiales de calidad igual o superior a los existentes, y en colores y modelos similares. (suministro e instalación de todos los materiales). | D48: M2 | E48: 18.1572 | F48: =+'1-APU ADEC BATERIA SANITARIA'!G1141 -> 116291 | G48: =ROUND(E48*F48,0) -> 2111519
A49: 72152001 | B49: 5.2 | C49: Instalación muro interno 10 cm de espesor en sistema board con doble cara de láminas de fibrocemento. La actividad incluye el suministro e instalación de perfilería metálica galvanizada, cinta malla, sellador elástico antihongos para juntas, y la reparación de fisuras entre placas. Se contempla la construcción de una estructura metálica con un espacio máximo de 0.3 m entre montantes, y doble soporte en los puntos donde se instale grifería. La instalación abarca todos los accesorios necesarios, así como los acondicionamientos correspondientes en muros y pisos para garantizar una correcta instalación y fijación. Adicionalmente, se realizarán los resanes y/o reparaciones en las áreas de influencia intervenidas, asegurando que el acabado final sea del mismo tipo que el de la zona afectada, utilizando materiales de calidad igual o superior a los existentes, y en colores y modelos similares. (suministro e instalación de todos los materiales). | D49: M2 | E49: 23.2404 | F49: =+'1-APU ADEC BATERIA SANITARIA'!G1177 -> 108858 | G49: =ROUND(E49*F49,0) -> 2529903
A50: 72151303 | B50: 5.3 | C50: Suministro y aplicación de pintura vinilo tipo 1 sobre muros a 3 manos. Incluye adecuación de la superficie para garantizar adherencia de la pintura, rasqueteado, retiro de grasa, material particulado, lijado y limpieza de manera previa a la pintura, se deben cubrir de manera uniforme filos y carteras. (suministro e instalación de todos los materiales). | D50: M2 | E50: 2.45 | F50: =+'1-APU ADEC BATERIA SANITARIA'!G1214 -> 14762 | G50: =ROUND(E50*F50,0) -> 36167
A51: 72152005 | B51: 5.4 | C51: Suministro y aplicación de estuco acrílico sobre muros. Incluye adecuación y/o acondicionamiento y/o alistamiento de superficie, filos y carteras, se debe garantizar uniformidad, nivelación y excelente acabado. Usar personal con certificado vigente de trabajo seguro en alturas, uso de andamios certificados, equipo y elementos en general adecuados para la actividad y para el trabajo seguro en alturas debidamente acreditados para la actividad y con su debido certificado de calidad. (suministro e instalación de todos los materiales). | D51: M2 | E51: 2.45 | F51: =+'1-APU ADEC BATERIA SANITARIA'!G1244 -> 23159 | G51: =ROUND(E51*F51,0) -> 56740
B52: 6 | C52: ADECUACIONES PISOS Y ENCHAPES | H52: =SUM(G53:G56) -> 9576706
A53: 72152504 | B53: 6.1 | C53: Reposición de piso en cerámica para uso institucional, tráfico 5. Incluye instalación del piso, el suministro e instalación de material de pega, fragua, dilatadores plásticos y todos los elementos complementarios y herramientas necesarias para su correcta instalación. La entidad suministra la cerámica. | D53: M2 | E53: 52.08 | F53: =+'1-APU ADEC BATERIA SANITARIA'!G1276 -> 39816 | G53: =ROUND(E53*F53,0) -> 2073617
A54: 72151401 | B54: 6.2 | C54: Reposición de enchape de pared en formato rectangular de primera calidad, color blanco. La actividad incluye el suministro e instalación del material de pega, fragua, y todos los materiales necesarios para garantizar su correcta instalación. (suministro e instalación de todos los materiales). | D54: M2 | E54: 73.4448 | F54: =+'1-APU ADEC BATERIA SANITARIA'!G1304 -> 92873 | G54: =ROUND(E54*F54,0) -> 6821039
A55: 72151401 | B55: 6.3 | C55: Mano de obra para la reposición de enchape sobre mesón. Incluye adecuación de superficie, el suministro e instalación de piragua en aluminio, material de pega, fragua y de todo los materiales complementarios que se requieran para su instalación. La entidad suministrará el enchape. | D55: M2 | E55: 12.24 | F55: =+'1-APU ADEC BATERIA SANITARIA'!G1333 -> 55723 | G55: =ROUND(E55*F55,0) -> 682050
B56: 7 | C56: ADECUACIONES CARPINTERIA METALICA | H56: =SUM(G57:G62) -> 42811286
A57: 30181508 | B57: 7.1 | C57: Reposición de puerta en acero inoxidable de 0.65 m x 1.65 m, en acero inoxidable AISI Tipo 304, calibre 18. La actividad incluye la adecuación y/o acondicionamiento de la superficie del muro para su correcta instalación. Se contempla el suministro e instalación de pasador de cierre en acero inoxidable, pivote en acero inoxidable, tabiques separadores en lámina de acero inoxidable AISI Tipo 304, calibre 18, antimagnético y resistente a la corrosión. La puerta tendrá un entamborado de 1" de ancho con relleno interno en lámina de icopor, e incluirá todos los accesorios necesarios para su correcta instalación, además de perchero en acero inoxidable. (suministro e instalación de todos los materiales). | D57: UND | E57: 8 | F57: =+'1-APU ADEC BATERIA SANITARIA'!G1362 -> 974318 | G57: =ROUND(E57*F57,0) -> 7794544
A58: 30181508 | B58: 7.2 | C58: Suministro e instalación de división en acero compuesta por tabiques separadores en lámina de acero inoxidable AISI Tipo 304, calibre 18, antimagnético y resistente a la corrosión, con entamborado de 1” de ancho y relleno interno en lámina de icopor. La actividad incluye la adecuación y/o acondicionamiento de la superficie del muro para garantizar una correcta instalación. Además, se suministrarán e instalarán todos los accesorios necesarios para su correcta fijación, incluyendo un perchero en acero inoxidable. (Suministro e instalación de todos los materiales). | D58: M2 | E58: 29.832 | F58: =+'1-APU ADEC BATERIA SANITARIA'!G1392 -> 895526 | G58: =ROUND(E58*F58,0) -> 26715332
A59: 30181508 | B59: 7.3 | C59: Reposición de ventana con Persianas en aluminio blanco. Incluye la adecuación y/o acondicionamiento de la superficie del muro para garantizar una correcta instalación. Además, se suministrarán e instalarán todos los accesorios necesarios para su correcta fijación. (Suministro e instalación de todos los materiales). | D59: M2 | E59: 4.72 | F59: =+'1-APU ADEC BATERIA SANITARIA'!G1421 -> 574447 | G59: =ROUND(E59*F59,0) -> 2711390
A60: 30181508 | B60: 7.4 | C60: Reposición de puerta en aluminio blanco de 1 m x 2.14 m entamborada, debe contar con soporte intermedio, en vidrio templado opalizado de 6mm. Incluye la adecuación y/o acondicionamiento de la superficie del muro para garantizar una correcta instalación, se debe instalar brazo neumático, con arco y demás accesorios que garanticen su perfecta instalación. (Suministro e instalación de todos los materiales). | D60: UND | E60: 2 | F60: =+'1-APU ADEC BATERIA SANITARIA'!G1449 -> 1388376 | G60: =ROUND(E60*F60,0) -> 2776752
A61: 30181508 | B61: 7.5 | C61: Reposición de ventana en aluminio blanco. Incluye la adecuación y/o acondicionamiento de la superficie del muro para garantizar una correcta instalación. Además, se suministrarán e instalarán empaques y todos los accesorios necesarios para su correcta fijación. (Suministro e instalación de todos los materiales). | D61: M2 | E61: 3 | F61: =+'1-APU ADEC BATERIA SANITARIA'!G1477 -> 680024 | G61: =ROUND(E61*F61,0) -> 2040072
A62: 30181508 | B62: 7.6 | C62: Suministro e instalación de banca en acero inoxidable AISI Tipo 304 Calibre 20, antimagnético y resistente a la corrosión, entamborado de 1” de ancho con relleno interno en lámina de icopor. Incluye la adecuación y/o acondicionamiento de la superficie para garantizar una correcta instalación y/o empotramiento. Además, se suministrarán e instalarán empaques y todos los accesorios necesarios para su correcta fijación. (Suministro e instalación de todos los materiales). | D62: M2 | E62: 2 | F62: =+'1-APU ADEC BATERIA SANITARIA'!G1505 -> 386598 | G62: =ROUND(E62*F62,0) -> 773196
B63: 8 | C63: ASEO Y VARIOS | H63: =SUM(G64:G65) -> 264351
A64: 72141505 | B64: 8.1 | C64: Retiro de escombros en volqueta incluye cargue y transporte para botar fuera de las instalaciones del Sena . Es responsabilidad del contratista que se boten los escombros en el sitio autorizado por las autoridades Municipales. Incluye el suministro o alquiler de la volqueta. | D64: M3 | E64: 3 | F64: =+'1-APU ADEC BATERIA SANITARIA'!G1537 -> 47157 | G64: =ROUND(E64*F64,0) -> 141471
A65: 72153505 | B65: 8.2 | C65: Aseo general de las áreas intervenidas. | D65: M2 | E65: 40 | F65: =+'1-APU ADEC BATERIA SANITARIA'!G1566 -> 3072 | G65: =ROUND(E65*F65,0) -> 122880
B66: 9 | C66: VERIFICACION TECNICA | H66: =SUM(G67:G67) -> 7531536
A67: 41100000 72101500 81101505 81101508 81101516 81101702 81101900 81111706 81151901 | B67: 9.1 | C67: Revisión y ajustes técnicos a los prediseños. Incluye todos los estudios técnicos necesarios para el cumplimiento normativo de acuerdo al uso del espacio a intervenir, verificación de la distribución arquitectónica, requerimientos de tipo estructural, eléctricos, hidrosanitario, sistema de gas y alternativas de sistemas contra incendios si da lugar. Revisión en sitio y verificación con alcance donde se tendrán Estudios y Diseños(Diseño arquitectónico, cortes, fachadas, detalles de puertas y ventanas, Diseño estructural de reforzamiento y elementos no estructurales, Diseño hidrosanitario con planos, isométricos y memorias de calculo, Diseños instalaciones de gas con planos, isométricos y memorial de calculo, Diseño eléctrico con planos, memorias y cuadros de cargas, cumpliendo con la normatividad técnica), presupuesto con memorias de calculo de obra, APU, programación de obra y especificaciones técnicas de la segunda fase de la casa de paso con un área proyectada 101 m2 que incluirían baños de movilidad reducida, lavandería, cocina, área de esparcimiento y áreas complementarias. Se debe realizar por cuenta del contratista las reparaciones necesarias que se deriven de la ejecución de esta actividad, se deben utilizar el mismo tipo de materiales y acoabados. | D67: M2 | E67: 153.08 | F67: =+'1-APU ADEC BATERIA SANITARIA'!G1595 -> 49200 | G67: =ROUND(E67*F67,0) -> 7531536
A68: COSTO DIRECTO TOTAL | H68: =SUM(H2:H67) -> 96709945
A70: PRESUPUESTO ADECUACIONES Y MEJORAS DE CUBIERTAS CENTRO AGROPECUARIO REGIONAL CAUCA
A71: CAPITULO | B71: ITEM | C71: DESCRIPCION | D71: UND | E71: CANTIDAD | F71: VR. UNITARIO | G71: VALOR TOTAL | H71: SUBTOTAL CAPITULO
B72: 1 | C72: CUBIERTA BLOQUE DEL GIMNASIO, BAÑOS Y AMBIENTE DE MUSICA, CENTRO AGROPECUARIO REGIONAL CAUCA | H72: =SUM(G73:G83) -> 142672131
A73: 72141510 | B73: 1.1 | C73: Desmonte de cubierta de teja de fibro cemento existente. La actividad incluye el uso de andamios certificados y personal capacitado con equipos de protección personal (EPP) y con certificación vigente en trabajo seguro en alturas. Todo el material retirado será gestionado de acuerdo con las regulaciones ambientales locales, asegurando la disposición temporal y final en sitio autorizado donde se debe incluir su aprovechamiento. Se debe coordinar con el equipo ambiental el manejo de los residuos y con SST para garantizar la seguridad y la eficiencia de la actividad a desarrollar. | D73: M2 | E73: 322.9644 | F73: =+'2-APU ADEC CUBIERTAS'!G4 -> 17030 | G73: =ROUND(E73*F73,0) -> 5500084
A74: 72141510 | B74: 1.2 | C74: Demolición de alfajía en concreto. El proceso incluye el uso de andamios certificados y personal capacitado con equipos de protección personal (EPP) y con certificación en trabajo seguro en alturas. Todo el material retirado será gestionado de acuerdo con las regulaciones ambientales locales, asegurando la disposición adecuada o reciclaje de los residuos. Se recomienda coordinar con personal y equipo especializado para garantizar la seguridad y eficiencia del trabajo. | D74: ML | E74: 22.4 | F74: =+'2-APU ADEC CUBIERTAS'!G36 -> 19876 | G74: =ROUND(E74*F74,0) -> 445222
A75: 72141510 | B75: 1.3 | C75: Desmonte de correas tipo cercha metálica . El proceso incluye el uso de andamios certificados y personal capacitado con equipos de protección personal (EPP) y con certificación en trabajo seguro en alturas. Todo el material retirado será gestionado de acuerdo con las regulaciones ambientales locales, asegurando la disposición adecuada o reciclaje de los residuos. Se recomienda coordinar con personal y equipo especializado para garantizar la seguridad y eficiencia del trabajo. | D75: ML | E75: 255.6 | F75: =+'2-APU ADEC CUBIERTAS'!G66 -> 19722 | G75: =ROUND(E75*F75,0) -> 5040943
A76: 72152905 | B76: 1.4 | C76: Reposición de correas de perlin 2 PAG C 150x50x17-1.5 mm, con resistencia de diseño Fy = 345 MPa. La separación entre correas (S) será de 1.00 m, y el arriostramiento se realizará de acuerdo con la normativa NSR-10 / AISI S100-12, utilizando materiales y condiciones técnicas conforme a la normativa colombiana. La actividad incluye el tratamiento anticorrosivo y la aplicación de pintura en esmalte a base de aceite para asegurar una protección duradera contra la corrosión. Además, se llevará a cabo el alistamiento de la superficie, que comprende el retiro de polvo, grasa, óxido y cualquier material o partícula que impida la adherencia de la pintura. (suministro e instalación de todos los materiales). | D76: ML | E76: 359.76 | F76: =+'2-APU ADEC CUBIERTAS'!G96 -> 146061 | G76: =ROUND(E76*F76,0) -> 52546905
A77: 72152601 | B77: 1.5 | C77: Reposición de cubierta con teja termoacústica trapezoidal, fabricada con una composición interna a base de asfalto modificado y foil de aluminio, lámina en color azul. La fabricación de las tejas deberá cumplir con las normativas nacionales de calidad para cubiertas y techos en materiales plásticos, asegurando su idoneidad estructural y funcional. Se deberá aportar el certificado de calidad del producto. La actividad incluye la adecuación de la estructura de la cubierta para garantizar una fijación segura de las tejas, además del suministro e instalación de todos los accesorios y elementos de fijación necesarios para una instalación eficiente y segura. Se deberán seguir estrictamente las recomendaciones del fabricante tanto para la instalación como para los accesorios requeridos. El proceso incluye el uso de andamios certificados y personal capacitado, deberá utilizar equipos de protección personal (EPP) y con certificación vigente en trabajo seguro en alturas. (Suministro e instalación de todos los materiales). | D77: M2 | E77: 341.1724 | F77: =+'2-APU ADEC CUBIERTAS'!G127 -> 89452 | G77: =ROUND(E77*F77,0) -> 30518554
A78: 72152601 | B78: 1.6 | C78: Reposición de caballete para teja termo acústica trapezoidal, fabricada con una composición interna a base de asfalto modificado y foil de aluminio, lámina en color azul. La fabricación de las tejas deberá cumplir con las normativas nacionales de calidad para cubiertas y techos en materiales plásticos, asegurando su idoneidad estructural y funcional. Se deberá aportar el certificado de calidad del producto. La actividad incluye la adecuación de la estructura de la cubierta para garantizar una fijación segura de los caballetes, además del suministro e instalación de todos los accesorios y elementos de fijación necesarios para una instalación eficiente y segura. Se deberán seguir estrictamente las recomendaciones del fabricante tanto para la instalación como para los accesorios requeridos. El proceso incluye el uso de andamios certificados y personal capacitado, deberá utilizar equipos de protección personal (EPP) y con certificación vigente en trabajo seguro en alturas. (Suministro e instalación de todos los materiales). | D78: ML | E78: 29.98 | F78: =+'2-APU ADEC CUBIERTAS'!G157 -> 62112 | G78: =ROUND(E78*F78,0) -> 1862118
A79: 72152605 | B79: 1.7 | C79: Reposición de cielorraso tipo lámina panel (PVC-FOIL ALUM), compuesto por láminas de PVC reforzadas con lámina de aluminio, diseñado para garantizar una mayor resistencia térmica y actuar como barrera contra la humedad. El sistema incluirá perfil de ensamble para asegurar una unión firme entre los elementos y su fijación a la estructura principal. Las láminas tendrán módulos con una longitud entre 3 m y 4 m, un ancho de 0.25 m, y un espesor de 1 cm. La instalación incluirá perfilería galvanizada para la estructura, junto con todos los accesorios de montaje necesarios, tales como: omegas, ángulos, viguetas, tornillos, chazos, clavos, alambre galvanizado de refuerzo, varillas roscadas, guayas de acero y cualquier otro accesorio complementario y de remate para los bordes, asegurando tanto su correcta instalación como su estética final. Las láminas deben contar con una superficie de acabado liso y estar compuestas en un 80% de PVC de primera calidad. El proceso incluirá el uso de andamios certificados y personal capacitado con equipos de protección personal (EPP), así como la correspondiente certificación vigente en trabajo seguro en alturas. (suministro e instalación de todos los materiales). | D79: M2 | E79: 275.50576 | F79: =+'2-APU ADEC CUBIERTAS'!G186 -> 131207 | G79: =ROUND(E79*F79,0) -> 36148284
A80: 72151501 | B80: 1.8 | C80: Adecuación de salida de luminaria para lámpara LED: Se debe realizar la reposición de hasta 3 metros lineales (ml) de cableado eléctrico, así como el reemplazo del aparato eléctrico (interruptor doble o sencillo según necesidad). Se debe sustituir la tubería aérea existente por tubería galvanizada Diámetro 3/4” EMT, asegurando su fijación a la estructura existente con una distancia no mayor a 0.9 metros entre puntos de fijación y de acuerdo con las especificaciones del RETIE. El proceso incluye el suministro e instalación de todos los accesorios y materiales adicionales necesarios para garantizar el correcto funcionamiento del sistema de iluminación. Todos los materiales empleados deben contar con la certificación RETIE, cumpliendo con los requisitos normativos de seguridad y calidad. (suministro e instalación de todos los materiales). | D80: ML | E80: 20 | F80: =+'2-APU ADEC CUBIERTAS'!G222 -> 111504 | G80: =ROUND(E80*F80,0) -> 2230080
A81: 72151501 | B81: 1.9 | C81: Reposición de panel Led de empotrar de 120 cm X 30 cm ( 40W ) Luz Fría. Incluye suministro e instalación junto con todos los accesorios y/o materiales adicionales y necesarios para garantizar su correcto funcionamiento e instalación. Todos los materiales deben tener certificación RETIE. (suministro e instalación de todos los materiales). | D81: UND | E81: 20 | F81: =+'2-APU ADEC CUBIERTAS'!G260 -> 114600 | G81: =ROUND(E81*F81,0) -> 2292000
A82: 72151501 | B82: 1,9,1 | C82: Adecuación de salida eléctrica, incluye interruptor y caja 2”*4”, tubería EMT DE 3/4", conductores de cobre libres de halógenos #12 AWG, PE, HF, FR, LS, CT, aparato eléctrico correspondiente y demás accesorios para su correcta instalación. salida hasta una distancian de 2 m. (Suministro e instalación de todos los materiales). | D82: UND | E82: 2 | F82: =+'2-APU ADEC CUBIERTAS'!G292 -> 137799 | G82: =ROUND(E82*F82,0) -> 275598
A83: 72152900 | B83: 1,9,2 | C83: Reposición de canal en lámina de acero galvanizado de 0,3 m x 0,4 m x 0,3 m, calibre N° 20. La actividad incluye la adecuación de las pendientes hacia los bajantes, los cuales estarán ubicados cada 7 metros lineales. Las uniones del canal se deberán realizar mediante soldadura eléctrica 6011, utilizando electrodo revestido de 3/32″, aplicando el proceso punto a punto sin perforar la lámina durante la soldadura. Se aplicará un revestimiento en pintura que incluye un tratamiento base para asegurar su adherencia, seguido de un acabado en pintura de esmalte. El canal deberá estar equipado con bajante (espigo) de 4" y una cadena plástica eslabonada negra de tres líneas hasta la conexión con el canal de piso. Para la ejecución del trabajo, se utilizarán andamios certificados y personal capacitado, deberá utilizar equipos de protección personal (EPP) y con certificación vigente en trabajo seguro en alturas. (Suministro e instalación de todos los materiales). | D83: ML | E83: 59.96 | F83: =+'2-APU ADEC CUBIERTAS'!G328 -> 96937 | G83: =ROUND(E83*F83,0) -> 5812343
B84: 2 | C84: CUBIERTA AUDITORIO GRANJA, CENTRO AGROPECUARIO REGIONAL CAUCA | H84: =SUM(G85:G90) -> 42304824
A85: 72152601 | B85: 2.1 | C85: Reposición de elementos de fijación para cubierta en fibrocemento, incluye reemplazo de elementos de fijación (ganchos y amarras) que garanticen el aseguramiento de la teja a la estructura de cubierta, se debe realizar la alineación y rectificación de la teja por desplazamientos ocasionados por agentes atmosféricos, dentro del alcance incluye limpieza de las tejas, reparación de fisuras y corrección de filtraciones con material sellante para goteras en zona de amarras, se deberá realizar todo tipo de acciones correctivas para eliminar las goteras. El proceso incluye el uso de andamios certificados y de personal capacitado con equipos de protección personal (EPP) y con certificación vigente en trabajo seguro en alturas. (suministro e instalación de todos los materiales). | D85: M2 | E85: 542.206 | F85: =+'2-APU ADEC CUBIERTAS'!G360 -> 7393 | G85: =ROUND(E85*F85,0) -> 4008529
A86: 72141510 | B86: 2.2 | C86: Desmonte de cubierta de teja de fibro cemento existente. La actividad incluye el uso de andamios certificados y personal capacitado con equipos de protección personal (EPP) y con certificación vigente en trabajo seguro en alturas. Todo el material retirado será gestionado de acuerdo con las regulaciones ambientales locales, asegurando la disposición temporal y final en sitio autorizado donde se debe incluir su aprovechamiento. Se debe coordinar con el equipo ambiental el manejo de los residuos y con SST para garantizar la seguridad y la eficiencia de la actividad a desarrollar. | D86: M2 | E86: 100 | F86: =+'2-APU ADEC CUBIERTAS'!G4 -> 17030 | G86: =ROUND(E86*F86,0) -> 1703000
A87: 72152601 | B87: 2.3 | C87: Reposición de teja de fibrocemento, incluye suministro e instalación, se debe dar cumpliendo con los requisitos exigidos en la norma técnica colombiana NTC 4694, categoría C, clase 6. Las tejas de fibrocemento deben ser de alta calidad, lo que permite ofrecer especificaciones de alta durabilidad, resistencia a la intemperie y bajo mantenimiento, siendo ideales para aplicaciones residenciales, comerciales e industriales. El proceso de instalación incluye la fijación adecuada de las tejas sobre la estructura de soporte, garantizando que las pendientes sean adecuadas para no se generar estanqueidad y la estructura cuente con estabilidad. Además, se aplicarán tratamientos y recubrimientos necesarios para asegurar la durabilidad de la cubierta y se deberán realizar las actividades necesarias complementarias que eviten el paso del agua entre muros, tejas y otros elementos de la edificación. El equipo encargado de la instalación utilizará equipos de protección personal (EPP) y cumplirá con las normas de seguridad vigentes. Se recomienda coordinar con el proveedor para verificar las especificaciones técnicas del producto y asegurar que sean acordes con las necesidades del proyecto. (suministro e instalación de todos los materiales). | D87: M2 | E87: 100 | F87: =+'2-APU ADEC CUBIERTAS'!G389 -> 39739 | G87: =ROUND(E87*F87,0) -> 3973900
A88: 72151303 | B88: 2.4 | C88: Aplicación de pintura sobre teja en fibro cemento en color blanco y/o por el definido por la entidad sobre la cara superior, cubrimiento en dos capas que deberá garantizar protección contra la intemperie y proporcionar reflejo térmico que permitirá espacios más frescos en las áreas intervenidas; la pintura debe ser de altas especificaciones técnicas y de uso para exterioriores, de alta duración y con resistencia a la intemperie. La actividad incluye el uso de andamios certificados y el personal utilizado debe estar dotado con los elementos y equipos de protección personal (EPP) adecuados, además deberán contar con certificación vigente en trabajo seguro en alturas. (suministro e instalación de todos los materiales). | D88: M2 | E88: 542.206 | F88: =+'2-APU ADEC CUBIERTAS'!G420 -> 23028 | G88: =ROUND(E88*F88,0) -> 12485920
A89: 72151303 | B89: 2.5 | C89: Aplicación de pintura tipo 1 color blanco y/o en el color definido por la entidad, aplicación sobre la cara inferior de la teja en fibro cemento, lo que permitirá aumentar la reflexión de la luz natural o artificial, con el fin de mejorar la iluminación general del espacio sin necesidad de aumentar la cantidad de luminarias , se debe garantizar el cubrimiento en mínimo dos 2 capas de pintura. La actividad incluye el uso de andamios certificados y el personal utilizado debe estar dotado con los elementos y equipos de protección personal (EPP) adecuados, además deberán contar con certificación vigente en trabajo seguro en alturas. (suministro e instalación de todos los materiales). | D89: M2 | E89: 350 | F89: =+'2-APU ADEC CUBIERTAS'!G448 -> 18581 | G89: =ROUND(E89*F89,0) -> 6503350
A90: 72151303 | B90: 2.6 | C90: Aplicación de Pintura para madera en exteriores a base solvente incoloro para aplicación sobre elementos de guadua, dentro del proceso incluye inmunización del elemento, adecuación y alistamiento de la superficie previo a la pintura (retiro de pintura existente, aplicación de tintilla para dar uniformidad en el color, limpieza, retiro de grasas, polvo y partículas que impidan la adherencia de la pintura). La actividad incluye el uso de andamios certificados y el personal utilizado debe estar dotado con los elementos y equipos de protección personal (EPP) adecuados, además deberán contar con certificación vigente en trabajo seguro en alturas. (suministro e instalación de todos los materiales). | D90: ML | E90: 1425 | F90: =+'2-APU ADEC CUBIERTAS'!G477 -> 9565 | G90: =ROUND(E90*F90,0) -> 13630125
B91: 3 | C91: CUBIERTA Bloque AMBIENTE PEDAGOGICO E INGLES, CENTRO AGROPECUARIO REGIONAL CAUCA | H91: =SUM(G92:G97) -> 7498972
A92: 72152601 | B92: 3.1 | C92: Reposición de elementos de fijación para cubierta en fibrocemento, incluye reemplazo de elementos de fijación (ganchos y amarras) que garanticen el aseguramiento de la teja a la estructura de cubierta, se debe realizar la alineación y rectificación de la teja por desplazamientos ocasionados por agentes atmosféricos, dentro del alcance incluye limpieza de las tejas, reparación de fisuras y corrección de filtraciones con material sellante para goteras en zona de amarras, se deberá realizar todo tipo de acciones correctivas para eliminar las goteras. El proceso incluye el uso de andamios certificados y de personal capacitado con equipos de protección personal (EPP) y con certificación vigente en trabajo seguro en alturas. (suministro e instalación de todos los materiales). | D92: M2 | E92: 90.288 | F92: =+'2-APU ADEC CUBIERTAS'!G360 -> 7393 | G92: =ROUND(E92*F92,0) -> 667499
A93: 72152605 | B93: 3.2 | C93: Reposición de cielorraso tipo lámina panel (PVC-FOIL ALUM), compuesto por láminas de PVC reforzadas con lámina de aluminio, diseñado para garantizar una mayor resistencia térmica y actuar como barrera contra la humedad. El sistema incluirá perfil de ensamble para asegurar una unión firme entre los elementos y su fijación a la estructura principal. Las láminas tendrán módulos con una longitud entre 3 m y 4 m, un ancho de 0.25 m, y un espesor de 1 cm. La instalación incluirá perfilería galvanizada para la estructura, junto con todos los accesorios de montaje necesarios, tales como: omegas, ángulos, viguetas, tornillos, chazos, clavos, alambre galvanizado de refuerzo, varillas roscadas, guayas de acero y cualquier otro accesorio complementario y de remate para los bordes, asegurando tanto su correcta instalación como su estética final. Las láminas deben contar con una superficie de acabado liso y estar compuestas en un 80% de PVC de primera calidad. El proceso incluirá el uso de andamios certificados y personal capacitado con equipos de protección personal (EPP), así como la correspondiente certificación vigente en trabajo seguro en alturas. (suministro e instalación de todos los materiales). | D93: M2 | E93: 30 | F93: =+'2-APU ADEC CUBIERTAS'!G186 -> 131207 | G93: =ROUND(E93*F93,0) -> 3936210
A94: 72151501 | B94: 3.3 | C94: Adecuación de salida de luminaria para lámpara LED: Se debe realizar la reposición de hasta 3 metros lineales (ml) de cableado eléctrico, así como el reemplazo del aparato eléctrico (interruptor doble o sencillo según necesidad). Se debe sustituir la tubería aérea existente por tubería galvanizada Diámetro 3/4” EMT, asegurando su fijación a la estructura existente con una distancia no mayor a 0.9 metros entre puntos de fijación y de acuerdo con las especificaciones del RETIE. El proceso incluye el suministro e instalación de todos los accesorios y materiales adicionales necesarios para garantizar el correcto funcionamiento del sistema de iluminación. Todos los materiales empleados deben contar con la certificación RETIE, cumpliendo con los requisitos normativos de seguridad y calidad. (suministro e instalación de todos los materiales). | D94: ML | E94: 3 | F94: =+'2-APU ADEC CUBIERTAS'!G222 -> 111504 | G94: =ROUND(E94*F94,0) -> 334512
A95: 72151303 | B95: 3.4 | C95: Aplicación de pintura sobre teja en fibro cemento en color blanco y/o por el definido por la entidad sobre la cara superior, cubrimiento en dos capas que deberá garantizar protección contra la intemperie y proporcionar reflejo térmico que permitirá espacios más frescos en las áreas intervenidas; la pintura debe ser de altas especificaciones técnicas y de uso para exterioriores, de alta duración y con resistencia a la intemperie. La actividad incluye el uso de andamios certificados y el personal utilizado debe estar dotado con los elementos y equipos de protección personal (EPP) adecuados, además deberán contar con certificación vigente en trabajo seguro en alturas. (suministro e instalación de todos los materiales). | D95: M2 | E95: 90.288 | F95: =+'2-APU ADEC CUBIERTAS'!G420 -> 23028 | G95: =ROUND(E95*F95,0) -> 2079152
A96: 72151501 | B96: 3.5 | C96: Reposición de panel Led de empotrar de 120 cm X 30 cm ( 40W ) Luz Fría. Incluye suministro e instalación junto con todos los accesorios y/o materiales adicionales y necesarios para garantizar su correcto funcionamiento e instalación. Todos los materiales deben tener certificación RETIE. (suministro e instalación de todos los materiales). | D96: UND | E96: 3 | F96: =+'2-APU ADEC CUBIERTAS'!G260 -> 114600 | G96: =ROUND(E96*F96,0) -> 343800
A97: 72151501 | B97: 3.6 | C97: Adecuación de salida eléctrica, incluye interruptor y caja 2”*4”, tubería EMT DE 3/4", conductores de cobre libres de halógenos #12 AWG, PE, HF, FR, LS, CT, aparato eléctrico correspondiente y demás accesorios para su correcta instalación. salida hasta una distancian de 2 m. (Suministro e instalación de todos los materiales). | D97: UND | E97: 1 | F97: =+'2-APU ADEC CUBIERTAS'!G292 -> 137799 | G97: =ROUND(E97*F97,0) -> 137799
B98: 4 | C98: CUBIERTA CASA DE PASO CENTRO AGROPECUARIO REGIONAL CAUCA | H98: =SUM(G99:G108) -> 84276720
A99: 72141510 | B99: 4.1 | C99: Desmonte de cubierta de teja existente, incluyendo la remoción cuidadosa de las tejas pues el 70% de las tejas se deben recuperar, para ser reutilizada en otras áreas de centro, incluye retiro de correas y de guadua en mal de la cubierta; conforme a las normativas colombianas de seguridad y manejo ambiental. El proceso incluye el uso de andamios certificados y personal capacitado con equipos de protección personal (EPP) y con certificación en trabajo seguro en alturas. Todo el material retirado será gestionado de acuerdo con las regulaciones ambientales locales, asegurando la disposición adecuada o reciclaje de los residuos. Se recomienda coordinar con personal y equipo especializado para garantizar la seguridad y eficiencia del trabajo. | D99: M2 | E99: 240.7042 | F99: =+'2-APU ADEC CUBIERTAS'!G567 -> 23737 | G99: =ROUND(E99*F99,0) -> 5713596
A100: 72152601 | B100: 4.2 | C100: Reposición de cubierta con teja termoacústica trapezoidal, fabricada con una composición interna a base de asfalto modificado y foil de aluminio, lámina en color azul. La fabricación de las tejas deberá cumplir con las normativas nacionales de calidad para cubiertas y techos en materiales plásticos, asegurando su idoneidad estructural y funcional. Se deberá aportar el certificado de calidad del producto. La actividad incluye la adecuación de la estructura de la cubierta para garantizar una fijación segura de las tejas, además del suministro e instalación de todos los accesorios y elementos de fijación necesarios para una instalación eficiente y segura. Se deberán seguir estrictamente las recomendaciones del fabricante tanto para la instalación como para los accesorios requeridos. El proceso incluye el uso de andamios certificados y personal capacitado, deberá utilizar equipos de protección personal (EPP) y con certificación vigente en trabajo seguro en alturas. (Suministro e instalación de todos los materiales). | D100: M2 | E100: 240.7042 | F100: =+'2-APU ADEC CUBIERTAS'!G127 -> 89452 | G100: =ROUND(E100*F100,0) -> 21531472
A101: 72152601 | B101: 4.3 | C101: Reposición de caballete para teja termo acústica trapezoidal, fabricada con una composición interna a base de asfalto modificado y foil de aluminio, lámina en color azul. La fabricación de las tejas deberá cumplir con las normativas nacionales de calidad para cubiertas y techos en materiales plásticos, asegurando su idoneidad estructural y funcional. Se deberá aportar el certificado de calidad del producto. La actividad incluye la adecuación de la estructura de la cubierta para garantizar una fijación segura de los caballetes, además del suministro e instalación de todos los accesorios y elementos de fijación necesarios para una instalación eficiente y segura. Se deberán seguir estrictamente las recomendaciones del fabricante tanto para la instalación como para los accesorios requeridos. El proceso incluye el uso de andamios certificados y personal capacitado, deberá utilizar equipos de protección personal (EPP) y con certificación vigente en trabajo seguro en alturas. (Suministro e instalación de todos los materiales). | D101: ML | E101: 15.4 | F101: =+'2-APU ADEC CUBIERTAS'!G157 -> 62112 | G101: =ROUND(E101*F101,0) -> 956525
A102: 72141510 | B102: 4.4 | C102: Desmonte de cielorraso en board y canales, remoción cuidadosa para evitar daños a las instalaciones eléctricas; conforme a las normativas colombianas de seguridad y manejo ambiental. El proceso incluye el uso de andamios certificados y personal capacitado con equipos de protección personal (EPP) y con certificación en trabajo seguro en alturas. Todo el material retirado será gestionado de acuerdo con las regulaciones ambientales locales, asegurando la disposición adecuada o reciclaje de los residuos. Se recomienda coordinar con personal y equipo especializado para garantizar la seguridad y eficiencia del trabajo. | D102: M2 | E102: 243 | F102: =+'2-APU ADEC CUBIERTAS'!G509 -> 22308 | G102: =ROUND(E102*F102,0) -> 5420844
...

Sheet 1-APU ADEC BATERIA SANITARIA
A1: APU ADECUACIONES Y MEJORAS DE BATERIAS SANITARIAS CASA DE PASO CENTRO AGROPECUARIO REGIONAL CAUCA
A3: ITEM | B3: DESCRIPCION | F3: UNIDAD | G3: VALOR
A4: 1.1 | B4: =+#REF! -> #REF! | F4: =+#REF! -> #REF! | G4: =G30 -> 20872
A6: I.-MATERIALES
A7: Nombre | D7: Unidad | E7: Valor Unitario | F7: Cantidad | G7: Vr.Parcial
F13: Sub-total Mat. | G13: =G8+G9+G10+G11+G12 -> 0
A15: 2.-EQUIPOS Y HERRAMIENTA
A16: Nombre | D16: Unidad | E16: Valor | F16: Rendimiento | G16: Vr.Parcial
A17: herramienta menor | D17: 5% M.O. | E17: =+G27 -> 13478 | F17: 0.05 | G17: =ROUNDUP(E17*F17,0) -> 674
A18: volqueta capacidad de 6 m3, con disposicion de escombros en lugar certificado | D18: viaje | E18: 210000 | F18: 0.032 | G18: =ROUNDUP(E18*F18,0) -> 6720
F21: Sub-total Equ. | G21: =G17+G18 -> 7394
A23: 3.-MANO DE OBRA
A24: DESCRIPCION | B24: JORNAL | C24: PRESTAC | D24: TARIFA/H CON PRESTACIONES | E24: RENDIMIENTO | F24: VR.UNITARIO
A25: Oficial de ObraY | B25: 107213.33 | C25: 0.875 | D25: 25128.125 | E25: 2.712 | F25: =ROUNDUP(D25/E25,0) -> 9266
A26: Ayudante de Obra | B26: 48733.333 | C26: 0.875 | D26: 11421.875 | E26: 2.712 | F26: =ROUNDUP(D26/E26,0) -> 4212
F27: Sub-total MdeO | G27: =F25+F26 -> 13478
E30: COSTO DIRECTO APU | G30: =G13+G21+G27 -> 20872
A34: ITEM | B34: DESCRIPCION | F34: UNIDAD | G34: VALOR
A35: =+#REF! -> #REF! | B35: =+#REF! -> #REF! | F35: =+#REF! -> #REF! | G35: =G61 -> 25208
A37: I.-MATERIALES
A38: Nombre | D38: Unidad | E38: Valor Unitario | F38: Cantidad | G38: Vr.Parcial
F44: Sub-total Mat. | G44: =G39+G40+G41+G42+G43 -> 0
A46: 2.-EQUIPOS Y HERRAMIENTA
A47: Nombre | D47: Unidad | E47: Valor | F47: Rendimiento | G47: Vr.Parcial
A48: herramienta menor | D48: 5% M.O. | E48: =G58 -> 21007 | F48: 0.05 | G48: =ROUNDUP(E48*F48,0) -> 1051
A49: volqueta capacidad de 6 m3, con disposicion de escombros en lugar certificado | D49: viaje | E49: 210000 | F49: 0.015 | G49: =ROUNDUP(E49*F49,0) -> 3150
F52: Sub-total Equ. | G52: =SUM(G48:G51) -> 4201
A54: 3.-MANO DE OBRA
A55: DESCRIPCION | B55: JORNAL | C55: PRESTAC | D55: TARIFA/H CON PRESTACIONES | E55: RENDIMIENTO | F55: VR.UNITARIO
A56: Oficial de Obra | B56: 107213.33 | C56: 0.875 | D56: 25128.125 | E56: 1.74 | F56: =ROUNDUP(D56/E56,0) -> 14442
A57: Ayudante de Obra | B57: 48733.333 | C57: 0.875 | D57: 11421.875 | E57: 1.74 | F57: =ROUNDUP(D57/E57,0) -> 6565
F58: Sub-total MdeO | G58: =F56+F57 -> 21007
E61: COSTO DIRECTO APU | G61: =G44+G52+G58 -> 25208
A65: ITEM | B65: DESCRIPCION | F65: UNIDAD | G65: VALOR
A66: =+#REF! -> #REF! | B66: =+#REF! -> #REF! | F66: =+#REF! -> #REF! | G66: =G92 -> 11187
A68: I.-MATERIALES
A69: Nombre | D69: Unidad | E69: Valor Unitario | F69: Cantidad | G69: Vr.Parcial
F75: Sub-total Mat. | G75: =G70+G71+G72+G73+G74 -> 0
A77: 2.-EQUIPOS Y HERRAMIENTA
A78: Nombre | D78: Unidad | E78: Valor | F78: Rendimiento | G78: Vr.Parcial
A79: herramienta menor | D79: 5% M.O. | E79: =G89 -> 9254 | F79: 0.05 | G79: =ROUNDUP(E79*F79,0) -> 463
A80: volqueta capacidad de 6 m3, con disposicion de escombros en lugar certificado | D80: viaje | E80: 210000 | F80: 0.007 | G80: =ROUNDUP(E80*F80,0) -> 1470
F83: Sub-total Equ. | G83: =SUM(G79:G82) -> 1933
A85: 3.-MANO DE OBRA
A86: DESCRIPCION | B86: JORNAL | C86: PRESTAC | D86: TARIFA/H CON PRESTACIONES | E86: RENDIMIENTO | F86: VR.UNITARIO
A87: Oficial de Obra | B87: 107213.33 | C87: 0.875 | D87: 25128.125 | E87: 3.95 | F87: =ROUNDUP(D87/E87,0) -> 6362
A88: Ayudante de Obra | B88: 48733.333 | C88: 0.875 | D88: 11421.875 | E88: 3.95 | F88: =ROUNDUP(D88/E88,0) -> 2892
F89: Sub-total MdeO | G89: =F87+F88 -> 9254
E92: COSTO DIRECTO APU | G92: =G75+G83+G89 -> 11187
A95: ITEM | B95: DESCRIPCION | F95: UNIDAD | G95: VALOR
A96: =+#REF! -> #REF! | B96: =+#REF! -> #REF! | F96: =+#REF! -> #REF! | G96: =G121 -> 12880
A98: I.-MATERIALES
A99: Nombre | D99: Unidad | E99: Valor Unitario | F99: Cantidad | G99: Vr.Parcial
F105: Sub-total Mat. | G105: =G100+G101+G102+G103+G104 -> 0
A107: 2.-EQUIPOS Y HERRAMIENTA
A108: Nombre | D108: Unidad | E108: Valor | F108: Rendimiento | G108: Vr.Parcial
A109: herramienta menor | D109: 5% M.O. | E109: =G118 -> 12266 | F109: 0.05 | G109: =ROUNDUP(E109*F109,0) -> 614
F112: Sub-total Equ. | G112: =G109+G110+G111 -> 614
A114: 3.-MANO DE OBRA
A115: DESCRIPCION | B115: JORNAL | C115: PRESTAC | D115: TARIFA/H CON PRESTACIONES | E115: RENDIMIENTO | F115: VR.UNITARIO
A116: Oficial de Obra | B116: 107213.33 | C116: 0.875 | D116: 25128.125 | E116: 2.98 | F116: =ROUNDUP(D116/E116,0) -> 8433
A117: Ayudante de Obra | B117: 48733.333 | C117: 0.875 | D117: 11421.875 | E117: 2.98 | F117: =ROUNDUP(D117/E117,0) -> 3833
F118: Sub-total MdeO | G118: =F116+F117 -> 12266
E121: COSTO DIRECTO APU | G121: =G105+G112+G118 -> 12880
A124: ITEM | B124: DESCRIPCION | F124: UNIDAD | G124: VALOR
A125: =+#REF! -> #REF! | B125: =+#REF! -> #REF! | F125: =+#REF! -> #REF! | G125: =G150 -> 13708
A127: I.-MATERIALES
A128: Nombre | D128: Unidad | E128: Valor Unitario | F128: Cantidad | G128: Vr.Parcial
F134: Sub-total Mat. | G134: =G129+G130+G131+G132+G133 -> 0
A136: 2.-EQUIPOS Y HERRAMIENTA
A137: Nombre | D137: Unidad | E137: Valor | F137: Rendimiento | G137: Vr.Parcial
A138: herramienta menor | D138: 5% M.O. | E138: =G147 -> 13055 | F138: 0.05 | G138: =ROUNDUP(E138*F138,0) -> 653
F141: Sub-total Equ. | G141: =G138+G139+G140 -> 653
A143: 3.-MANO DE OBRA
A144: DESCRIPCION | B144: JORNAL | C144: PRESTAC | D144: TARIFA/H CON PRESTACIONES | E144: RENDIMIENTO | F144: VR.UNITARIO
A145: Oficial de Obra | B145: 107213.33 | C145: 0.875 | D145: 25128.125 | E145: 2.8 | F145: =ROUNDUP(D145/E145,0) -> 8975
A146: Ayudante de Obra | B146: 48733.333 | C146: 0.875 | D146: 11421.875 | E146: 2.8 | F146: =ROUNDUP(D146/E146,0) -> 4080
F147: =ROUNDUP(D147*E147,0) -> 0 | G147: =F145+F146 -> 13055
E150: COSTO DIRECTO APU | G150: =G134+G141+G147 -> 13708
A153: ITEM | B153: DESCRIPCION | F153: UNIDAD | G153: VALOR
A154: =+#REF! -> #REF! | B154: =+#REF! -> #REF! | F154: =+#REF! -> #REF! | G154: =ROUND(G180,2) -> 25262
A156: I.-MATERIALES
A157: Nombre | D157: Unidad | E157: Valor Unitario | F157: Cantidad | G157: Vr.Parcial
F163: Sub-total Mat. | G163: =G158+G159+G160+G161+G162 -> 0
A165: 2.-EQUIPOS Y HERRAMIENTA
A166: Nombre | D166: Unidad | E166: Valor | F166: Rendimiento | G166: Vr.Parcial
A167: herramienta menor | D167: 5% M.O. | E167: =G177 -> 14059 | F167: 0.05 | G167: =ROUNDUP(E167*F167,0) -> 703
A168: volqueta capacidad de 6 m3, con disposicion de escombros en lugar certificado | D168: viaje | E168: 210000 | F168: 0.05 | G168: =ROUNDUP(E168*F168,0) -> 10500
F171: Sub-total Equ. | G171: =G167+G168 -> 11203
A173: 3.-MANO DE OBRA
A174: DESCRIPCION | B174: JORNAL | C174: PRESTAC | D174: TARIFA/H CON PRESTACIONES | E174: RENDIMIENTO | F174: VR.UNITARIO
A175: Oficial de Obra | B175: 107213.33 | C175: 0.875 | D175: 25128.125 | E175: 2.6 | F175: =ROUNDUP(D175/E175,0) -> 9665
A176: Ayudante de Obra | B176: 48733.333 | C176: 0.875 | D176: 11421.875 | E176: 2.6 | F176: =ROUNDUP(D176/E176,0) -> 4394
F177: Sub-total MdeO | G177: =F175+F176 -> 14059
E180: COSTO DIRECTO APU | G180: =G163+G171+G177 -> 25262
A183: ITEM | B183: DESCRIPCION | F183: UNIDAD | G183: VALOR
A184: =+#REF! -> #REF! | B184: =+#REF! -> #REF! | F184: =+#REF! -> #REF! | G184: =ROUND(G209,2) -> 25587
A186: I.-MATERIALES
A187: Nombre | D187: Unidad | E187: Valor Unitario | F187: Cantidad | G187: Vr.Parcial
F193: Sub-total Mat. | G193: =G188+G189+G190+G191+G192 -> 0
...

Sheet 2-APU ADEC CUBIERTAS
A1: APUS CUBIERTAS
A3: ITEM | B3: DESCRIPCION | F3: UNIDAD | G3: VALOR
A4: 1,1-2,2 | B4: =+#REF! -> #REF! | F4: =+#REF! -> #REF! | G4: =+G31 -> 17030
A7: I.-MATERIALES
A8: Nombre | D8: Unidad | E8: Valor Unitario | F8: Cantidad | G8: Vr.Parcial
F12: Subtotal Mat. | G12: =G9+G10+G11 -> 0
A15: 2.-EQUIPOS Y HERRAMIENTA
A16: Nombre | D16: Unidad | E16: Valor | F16: Rendimiento | G16: Vr.Parcial
A17: herramienta menor | D17: 5% M.O. | E17: =+G27 -> 13365 | F17: 0.05 | G17: =ROUNDUP(E17*F17,0) -> 669
A18: Andamio tubular sección completa | D18: d | E18: 28000 | F18: 0.017 | G18: =+E18*F18 -> 476
A19: volqueta capacidad de 6 m3, con disposición de escombros en lugar certificado | D19: viaje | E19: 210000 | F19: 0.012 | G19: =E19*F19 -> 2520
F20: Subtotal Equ. | G20: =G17+G18+G19 -> 3665
A23: 3.-MANO DE OBRA
A24: DESCRIPCION | B24: JORNAL | C24: PRESTAC | D24: TARIFA/H CON PRESTACIONES | E24: RENDIMIENTO | F24: VR.UNITARIO
A25: Oficial de ObraY | B25: 107213.33 | C25: 0.875 | D25: 25128.125 | E25: 2.735 | F25: =ROUNDUP(D25/E25,0) -> 9188
A26: Ayudante de Obra | B26: 48733.333 | C26: 0.875 | D26: 11421.875 | E26: 2.735 | F26: =ROUNDUP(D26/E26,0) -> 4177
F27: Subtotal MdeO | G27: =F25+F26 -> 13365
E31: COSTO DIRECTO APU | G31: =G12+G20+G27 -> 17030
A35: ITEM | B35: DESCRIPCION | F35: UNIDAD | G35: VALOR
A36: 1,2- | B36: =+#REF! -> #REF! | F36: =+#REF! -> #REF! | G36: =+G63 -> 19876
A39: I.-MATERIALES
A40: Nombre | D40: Unidad | E40: Valor Unitario | F40: Cantidad | G40: Vr.Parcial
F44: Subtotal Mat. | G44: =G41+G42+G43 -> 0
A47: 2.-EQUIPOS Y HERRAMIENTA
A48: Nombre | D48: Unidad | E48: Valor | F48: Rendimiento | G48: Vr.Parcial
A49: herramienta menor | D49: 5% M.O. | E49: =+G59 -> 17136 | F49: 0.05 | G49: =ROUNDUP(E49*F49,0) -> 857
A50: Andamio tubular sección completa | D50: d | E50: 28000 | F50: 0.017 | G50: =ROUNDUP(E50*F50,0) -> 476
A51: volqueta capacidad de 6 m3, con disposición de escombros en lugar certificado | D51: viaje | E51: 210000 | F51: 0.0067 | G51: =ROUNDUP(E51*F51,0) -> 1407
F52: Subtotal Equ. | G52: =G49+G50+G51 -> 2740
A55: 3.-MANO DE OBRA
A56: DESCRIPCION | B56: JORNAL | C56: PRESTAC | D56: TARIFA/H CON PRESTACIONES | E56: RENDIMIENTO | F56: VR.UNITARIO
A57: Oficial de Obra | B57: 107213.33 | C57: 0.875 | D57: 25128.125 | E57: 2.133 | F57: =ROUNDUP(D57/E57,0) -> 11781
A58: Ayudante de Obra | B58: 48733.333 | C58: 0.875 | D58: 11421.875 | E58: 2.133 | F58: =ROUNDUP(D58/E58,0) -> 5355
F59: Subtotal MdeO | G59: =F57+F58 -> 17136
E63: COSTO DIRECTO APU | G63: =G44+G52+G59 -> 19876
A65: ITEM | B65: DESCRIPCION | F65: UNIDAD | G65: VALOR
A66: 1,3- | B66: =+#REF! -> #REF! | F66: =+#REF! -> #REF! | G66: =+G93 -> 19722
A69: I.-MATERIALES
A70: Nombre | D70: Unidad | E70: Valor Unitario | F70: Cantidad | G70: Vr.Parcial
F74: Subtotal Mat. | G74: =G71+G72+G73 -> 0
A77: 2.-EQUIPOS Y HERRAMIENTA
A78: Nombre | D78: Unidad | E78: Valor | F78: Rendimiento | G78: Vr.Parcial
A79: herramienta menor | D79: 5% M.O. | E79: =+G89 -> 17129 | F79: 0.05 | G79: =ROUNDUP(E79*F79,0) -> 857
A80: Andamio tubular sección completa | D80: d | E80: 28000 | F80: 0.017 | G80: =ROUNDUP(E80*F80,0) -> 476
A81: volqueta capacidad de 6 m3, con disposición de escombros en lugar certificado | D81: viaje | E81: 210000 | F81: 0.006 | G81: =ROUNDUP(E81*F81,0) -> 1260
F82: Subtotal Equ. | G82: =G79+G80+G81 -> 2593
A85: 3.-MANO DE OBRA
A86: DESCRIPCION | B86: JORNAL | C86: PRESTAC | D86: TARIFA/H CON PRESTACIONES | E86: RENDIMIENTO | F86: VR.UNITARIO
A87: Oficial de Obra | B87: 107213.33 | C87: 0.875 | D87: 25128.125 | E87: 2.134 | F87: =ROUNDUP(D87/E87,0) -> 11776
A88: Ayudante de Obra | B88: 48733.333 | C88: 0.875 | D88: 11421.875 | E88: 2.134 | F88: =ROUNDUP(D88/E88,0) -> 5353
F89: Subtotal MdeO | G89: =F87+F88 -> 17129
E93: COSTO DIRECTO APU | G93: =G74+G82+G89 -> 19722
A95: ITEM | B95: DESCRIPCION | F95: UNIDAD | G95: VALOR
A96: 1.4 | B96: =+#REF! -> #REF! | F96: =+#REF! -> #REF! | G96: =+G122 -> 146061
A98: I.-MATERIALES
A99: Nombre | D99: Unidad | E99: Valor Unitario | F99: Cantidad | G99: Vr.Parcial
A100: Soldadura 1/8" de electrodo E‐6013 (60.000 psi) | D100: kg | E100: 23000 | F100: =0.06*6.32 -> 0.3792 | G100: =ROUNDUP(E100*F100,0) -> 8722
A101: Anticorrosivo tipo Premium PINTUCO | D101: gal | E101: 80000 | F101: =0.04*6.32 -> 0.2528 | G101: =ROUNDUP(E101*F101,0) -> 20224
A102: Esmalte sintético a base de aceite Ref.Pintulux PINTUCO,acabadobrillante; | D102: gal | E102: 79000 | F102: 0.253 | G102: =ROUNDUP(E102*F102,0) -> 19987
A103: Disolvente Thinner 2103 | D103: gal | E103: 26000 | F103: 0.7 | G103: =ROUNDUP(E103*F103,0) -> 18200
A104: C 150x50x17-1.5mm, Fy = 345 MPa Separación (S) 1.00 m REGLAMENTO NSR-10 / AISI S100-12 | D104: ml | E104: 16500 | F104: 2 | G104: =ROUNDUP(E104*F104,0) -> 33000
A105: tuerca con arandela galvanizada | D105: und | E105: 600 | F105: 0.1 | G105: =ROUNDUP(E105*F105,0) -> 60
A106: varilla de 1/2" | D106: ml | E106: 21900 | F106: 0.3 | G106: =ROUNDUP(E106*F106,0) -> 6570
F107: Subtotal Mat. | G107: =SUM(G100:G106) -> 106763
A109: 2.-EQUIPOS Y HERRAMIENTA
A110: Nombre | D110: Unidad | E110: Valor | F110: Rendimiento | G110: Vr.Parcial
A111: herramienta menor | D111: 5% M.O. | E111: =G120 -> 36551 | F111: 0.05 | G111: =ROUNDUP(E111*F111,0) -> 1828
A112: Andamio tubular sección completa | D112: d | E112: 28000 | F112: 0.015 | G112: =ROUNDUP(E112*F112,0) -> 420
A113: Equipo de soldadura | D113: d | E113: 41560 | F113: 0.012 | G113: =ROUNDUP(E113*F113,0) -> 499
F114: Subtotal Equ. | G114: =G111+G112+G113 -> 2747
A116: 3.-MANO DE OBRA
A117: DESCRIPCION | B117: JORNAL | C117: PRESTAC | D117: TARIFA/H CON PRESTACIONES | E117: RENDIMIENTO | F117: VR.UNITARIO
A118: Oficial de Obra | B118: 107213.33 | C118: 0.875 | D118: 25128.125 | E118: 1 | F118: =ROUNDUP(D118/E118,0) -> 25129
A119: Ayudante de Obra | B119: 48733.333 | C119: 0.875 | D119: 11421.875 | E119: 1 | F119: =ROUNDUP(D119/E119,0) -> 11422
F120: Subtotal MdeO | G120: =F118+F119 -> 36551
E122: COSTO DIRECTO APU | G122: =G107+G114+G120 -> 146061
A126: ITEM | B126: DESCRIPCION | F126: UNIDAD | G126: VALOR
A127: 1,5-4,2-6,3 | B127: =+#REF! -> #REF! | F127: =+#REF! -> #REF! | G127: =G154 -> 89452
A130: I.-MATERIALES
A131: Nombre | D131: Unidad | E131: Valor Unitario | F131: Cantidad | G131: Vr.Parcial
A132: Teja ondulada termo acústica con asfalto modificado 0,82x12 | D132: und | E132: 62000 | F132: 1.05 | G132: =ROUNDUP(E132*F132,0) -> 65100
A133: Tornillo Autoperforante Fijador de Ala 14 - 14 x 1-¼” con Arandela EPDM tipo Sombrilla de 25 mm | D133: und | E133: 700 | F133: 10 | G133: =ROUNDUP(E133*F133,0) -> 7000
F135: Subtotal Mat. | G135: =G132+G133 -> 72100
A138: 2.-EQUIPOS Y HERRAMIENTA
A139: Nombre | D139: Unidad | E139: Valor | F139: Rendimiento | G139: Vr.Parcial
A140: herramienta menor | D140: 5% M.O. | E140: =G150 -> 15192 | F140: 0.05 | G140: =ROUNDUP(E140*F140,0) -> 760
A141: Andamio tubular sección completa | D141: d | E141: 28000 | F141: 0.05 | G141: =ROUNDUP(E141*F141,0) -> 1400
F142: Subtotal Equ. | G142: =G140+G141 -> 2160
A145: 3.-MANO DE OBRA
A146: DESCRIPCION | B146: JORNAL | C146: PRESTAC | D146: TARIFA/H CON PRESTACIONES | E146: RENDIMIENTO | F146: VR.UNITARIO
A147: DESCRIPCION | B147: JORNAL | C147: PRESTAC | D147: TARIFA/H CON PRESTACIONES | E147: RENDIM | F147: VUNITARIO
A148: Oficial de Obra | B148: 107213.33 | C148: 0.875 | D148: 25128.125 | E148: 2.406 | F148: =ROUNDUP(D148/E148,0) -> 10444
A149: Ayudante de Obra | B149: 48733.333 | C149: 0.875 | D149: 11421.875 | E149: 2.406 | F149: =ROUNDUP(D149/E149,0) -> 4748
F150: Subtotal MdeO | G150: =F148+F149 -> 15192
E154: COSTO DIRECTO APU | G154: =G135+G142+G150 -> 89452
A156: ITEM | B156: DESCRIPCION | F156: UNIDAD | G156: VALOR
A157: 1,6-4,3 | B157: =+#REF! -> #REF! | F157: =+#REF! -> #REF! | G157: =+G183 -> 62112
A160: I.-MATERIALES
A161: Nombre | D161: Unidad | E161: Valor Unitario | F161: Cantidad | G161: Vr.Parcial
A162: lima tesa para teja termoacústica Longitud 2m | D162: und | E162: 81000 | F162: 0.52 | G162: =ROUNDUP(E162*F162,0) -> 42120
...

Sheet 3-APU ADE AM+RECRE
A1: ITEM | B1: DESCRIPCION | F1: UNIDAD | G1: VALOR
A2: =+#REF! -> #REF! | B2: =+PRESUPUESTO!C162 -> Demolición baldosín cerámico, mortero de nivelación y primario -(Incluye Retiro de escombros en volqueta, cargue y transporte para botar fuera de las instalaciones del Sena ),todo el material retirado será gestionado de acuerdo con las regulaciones ambientales locales, asegurando la disposición adecuada o reciclaje de los residuos. Se recomienda coordinar con personal y equipo especializado para garantizar la seguridad y eficiencia del trabajo. | F2: =+#REF! -> #REF! | G2: =ROUND(G27,2) -> 32271
A4: I.-MATERIALES
A5: Nombre | D5: Unidad | E5: Valor Unitario | F5: Cantidad | G5: Vr.Parcial
F11: Sub-total Mat. | G11: =G6+G7+G8+G9+G10 -> 0
A13: 2.-EQUIPOS Y HERRAMIENTA
A14: Nombre | D14: Unidad | E14: Valor | F14: Rendimiento | G14: Vr.Parcial
A15: herramienta menor | D15: 5% M.O. | E15: =G24 -> 23134 | F15: 0.05 | G15: =ROUNDUP(E15*F15,0) -> 1157
A16: volqueta capacidad de 6 m3, con disposicion de escombros en lugar certificado | D16: viaje | E16: 210000 | F16: 0.038 | G16: =ROUNDUP(E16*F16,0) -> 7980
F18: Sub-total Equ. | G18: =G15+G16+G17 -> 9137
A20: 3.-MANO DE OBRA
A21: DESCRIPCION | B21: JORNAL | C21: PRESTAC | D21: TARIFA/H | E21: RENDIMIENTO | F21: VR.UNITARIO
A22: Oficial de Obra | B22: 107213.33 | C22: 0.875 | D22: 25128.125 | E22: 1.58 | F22: =ROUNDUP(D22/E22,0) -> 15904
A23: Ayudante de Obra | B23: 48733.333 | C23: 0.875 | D23: 11421.875 | E23: 1.58 | F23: =ROUNDUP(D23/E23,0) -> 7230
F24: Sub-total MdeO | G24: =F22+F23 -> 23134
E27: COSTO DIRECTO APU | G27: =G11+G18+G24 -> 32271
A30: ITEM | B30: DESCRIPCION | F30: UNIDAD | G30: VALOR
A31: =+#REF! -> #REF! | B31: =+#REF! -> #REF! | F31: =+#REF! -> #REF! | G31: =ROUND(G56,2) -> 12880
A33: I.-MATERIALES
A34: Nombre | D34: Unidad | E34: Valor Unitario | F34: Cantidad | G34: Vr.Parcial
F40: Sub-total Mat. | G40: =G35+G36+G37+G38+G39 -> 0
A42: 2.-EQUIPOS Y HERRAMIENTA
A43: Nombre | D43: Unidad | E43: Valor | F43: Rendimiento | G43: Vr.Parcial
A44: herramienta menor | D44: 5% M.O. | E44: =+G53 -> 12266 | F44: 0.05 | G44: =ROUNDUP(E44*F44,0) -> 614
F47: Sub-total Equ. | G47: =G44+G45+G46 -> 614
A49: 3.-MANO DE OBRA
A50: DESCRIPCION | B50: JORNAL | C50: PRESTAC | D50: TARIFA/H | E50: RENDIMIENTO | F50: VR.UNITARIO
A51: Oficial de Obra | B51: 107213.33 | C51: 0.875 | D51: 25128.125 | E51: 2.98 | F51: =ROUNDUP(D51/E51,0) -> 8433
A52: Ayudante de Obra | B52: 48733.333 | C52: 0.875 | D52: 11421.875 | E52: 2.98 | F52: =ROUNDUP(D52/E52,0) -> 3833
F53: Sub-total MdeO | G53: =F51+F52 -> 12266
E56: COSTO DIRECTO APU | G56: =G40+G47+G53 -> 12880
A59: ITEM | B59: DESCRIPCION | F59: UNIDAD | G59: VALOR
A60: =+#REF! -> #REF! | B60: =+#REF! -> #REF! | F60: =+#REF! -> #REF! | G60: =+G85 -> 88674
A62: I.-MATERIALES
A63: Nombre | D63: Unidad | E63: Valor Unitario | F63: Cantidad | G63: Vr.Parcial
F69: Sub-total Mat. | G69: =G64+G65+G66+G67+G68 -> 0
A71: 2.-EQUIPOS Y HERRAMIENTA
A72: Nombre | D72: Unidad | E72: Valor | F72: Rendimiento | G72: Vr.Parcial
A73: herramienta menor | D73: 5% M.O. | E73: =+G82 -> 84451 | F73: 0.05 | G73: =ROUNDUP(E73*F73,0) -> 4223
F76: Sub-total Equ. | G76: =G73+G74+G75 -> 4223
A78: 3.-MANO DE OBRA
A79: DESCRIPCION | B79: JORNAL | C79: PRESTAC | D79: TARIFA/H | E79: RENDIMIENTO | F79: VR.UNITARIO
A80: Oficial de Obra | B80: 107213.33 | C80: 0.875 | D80: 25128.125 | E80: 0.4328 | F80: =ROUNDUP(D80/E80,0) -> 58060
A81: Ayudante de Obra | B81: 48733.333 | C81: 0.875 | D81: 11421.875 | E81: 0.4328 | F81: =ROUNDUP(D81/E81,0) -> 26391
F82: Sub-total MdeO | G82: =F80+F81 -> 84451
E85: COSTO DIRECTO APU | G85: =G69+G76+G82 -> 88674
A88: ITEM | B88: DESCRIPCION | F88: UNIDAD | G88: VALOR
A89: =+#REF! -> #REF! | B89: =+#REF! -> #REF! | F89: =+#REF! -> #REF! | G89: =ROUND(G114,2) -> 24215
A91: I.-MATERIALES
A92: Nombre | D92: Unidad | E92: Valor Unitario | F92: Cantidad | G92: Vr.Parcial
F98: Sub-total Mat. | G98: =G93+G94+G95+G96+G97 -> 0
A100: 2.-EQUIPOS Y HERRAMIENTA
A101: Nombre | D101: Unidad | E101: Valor | F101: Rendimiento | G101: Vr.Parcial
A102: Herramienta menor | D102: 5% M.O. | E102: =G111 -> 23061 | F102: 0.05 | G102: =ROUNDUP(E102*F102,0) -> 1154
F105: Sub-total Equ. | G105: =G102+G103+G104 -> 1154
A107: 3.-MANO DE OBRA
A108: DESCRIPCION | B108: JORNAL | C108: PRESTAC | D108: TARIFA/H | E108: RENDIMIENTO | F108: VR.UNITARIO
A109: Oficial de Obra | B109: 107213.33 | C109: 0.875 | D109: 25128.125 | E109: 1.585 | F109: =ROUNDUP(D109/E109,0) -> 15854
A110: Ayudante de Obra | B110: 48733.333 | C110: 0.875 | D110: 11421.875 | E110: 1.585 | F110: =ROUNDUP(D110/E110,0) -> 7207
F111: Sub-total MdeO | G111: =F109+F110 -> 23061
E114: COSTO DIRECTO APU | G114: =G98+G105+G111 -> 24215
A117: ITEM | B117: DESCRIPCION | F117: UNIDAD | G117: VALOR
A118: =+#REF! -> #REF! | B118: =+#REF! -> #REF! | F118: =+#REF! -> #REF! | G118: =+G143 -> 130027
A120: I.-MATERIALES
A121: Nombre | D121: Unidad | E121: Valor Unitario | F121: Cantidad | G121: Vr.Parcial
A122: Concreto 3000 PSI | D122: m3 | E122: 407680 | F122: 0.155 | G122: =ROUNDUP(E122*F122,0) -> 63191
A123: acero de 3/8 cada 0,2 | D123: kg | E123: 4000 | F123: 5.88 | G123: =ROUNDUP(E123*F123,0) -> 23520
A124: alambre negro | D124: kg | E124: 6000 | F124: 0.6 | G124: =ROUNDUP(E124*F124,0) -> 3600
A125: tabla | D125: UND | E125: 12000 | F125: 0.44 | G125: =ROUNDUP(E125*F125,0) -> 5280
F127: Sub-total Mat. | G127: =G122+G123+G124+G125+G126 -> 95591
A129: 2.-EQUIPOS Y HERRAMIENTA
A130: Nombre | D130: Unidad | E130: Valor | F130: Rendimiento | G130: Vr.Parcial
A131: Herrramienta y Equipo Menor(% M.O) | D131: 5% M.O. | E131: =G140 -> 32346 | F131: 0.05 | G131: =ROUNDUP(E131*F131,0) -> 1618
A132: Vibrador | D132: HORA | E132: 8000 | F132: 0.059 | G132: =ROUNDUP(E132*F132,0) -> 472
F134: Sub-total Equ. | G134: =G131+G132+G133 -> 2090
A136: 3.-MANO DE OBRA
A137: DESCRIPCION | B137: JORNAL | C137: PRESTAC | D137: TARIFA/H | E137: RENDIMIENTO | F137: VR.UNITARIO
A138: Oficial de Obra | B138: 107213.33 | C138: 0.875 | D138: 25128.125 | E138: 1.13 | F138: =ROUNDUP(D138/E138,0) -> 22238
A139: Ayudante de Obra | B139: 48733.333 | C139: 0.875 | D139: 11421.875 | E139: 1.13 | F139: =ROUNDUP(D139/E139,0) -> 10108
F140: Sub-total MdeO | G140: =SUM(F138:F139) -> 32346
E143: COSTO DIRECTO APU | G143: =G127+G134+G140 -> 130027
A146: ITEM | B146: DESCRIPCION | F146: UNIDAD | G146: VALOR
A147: =+#REF! -> #REF! | B147: =+#REF! -> #REF! | F147: =+#REF! -> #REF! | G147: =ROUND(G172,2) -> 68702
A149: I.-MATERIALES
A150: Nombre | D150: Unidad | E150: Valor Unitario | F150: Cantidad | G150: Vr.Parcial
A151: Concreto 3000 PSI | D151: m3 | E151: 407680 | F151: 0.105 | G151: =ROUNDUP(E151*F151,0) -> 42807
A152: Malla 15X15Cm 4.0Mm (Xx-084) 6X2.35M | D152: und | E152: 82000 | F152: 0.07 | G152: =ROUNDUP(E152*F152,0) -> 5740
F156: Sub-total Mat. | G156: =G151+G152+G153+G154+G155 -> 48547
A158: 2.-EQUIPOS Y HERRAMIENTA
A159: Nombre | D159: Unidad | E159: Valor | F159: Rendimiento | G159: Vr.Parcial
A160: Herrramienta y Equipo Menor(% M.O) | D160: 5% M.O. | E160: =G169 -> 18745 | F160: 0.05 | G160: =ROUNDUP(E160*F160,0) -> 938
A161: Vibrador | D161: HORA | E161: 8000 | F161: 0.059 | G161: =ROUNDUP(E161*F161,0) -> 472
F163: Sub-total Equ. | G163: =G160+G161+G162 -> 1410
A165: 3.-MANO DE OBRA
A166: DESCRIPCION | B166: JORNAL | C166: PRESTAC | D166: TARIFA/H | E166: RENDIMIENTO | F166: VR.UNITARIO
A167: Oficial de Obra | B167: 107213.33 | C167: 0.875 | D167: 25128.125 | E167: 1.95 | F167: =ROUNDUP(D167/E167,0) -> 12887
A168: Ayudante de Obra | B168: 48733.333 | C168: 0.875 | D168: 11421.875 | E168: 1.95 | F168: =ROUNDUP(D168/E168,0) -> 5858
F169: Sub-total MdeO | G169: =SUM(F167:F168) -> 18745
E172: COSTO DIRECTO APU | G172: =G156+G163+G169 -> 68702
A177: ITEM | B177: DESCRIPCION | F177: UNIDAD | G177: VALOR
...
